 Dungeon Sprint DCSS version 0.24.1-14-gf8d2b509d9 (webtiles) character file.

Game seed: 17003371393880993579, levelgen mode: deterministic

264 Hugehornet the Basher (level 6, -1/37 HPs)
             Began as a Gargoyle Fighter on May 23, 2020.
             Splashed by a jelly's acid (6 damage)
             ... in the Dungeon (Sprint I: "Red Sonja").
             The game lasted 00:01:19 (480 turns).

Hugehornet the Basher (Gargoyle Fighter)             Turns: 480, Time: 00:01:20

Health: -1/37      AC: -6    Str: 19    XL:     6   Next: 19%
Magic:  6/6        EV:  7    Int: 11    God:
Gold:   162        SH:  9    Dex:  9    Spells: 5/5 levels left

rFire    . . .     SeeInvis .   a - +0 flail
rCold    . . .     Gourm    .   c - +0 shield
rNeg     + . .     Faith    .   l - +2 scale mail {MR+}
rPois    ∞         Spirit   .   (no helmet)
rElec    +         Reflect  .   (no cloak)
rCorr    .         Harm     .   (no gloves)
MR       +....     NoTele   +   (no boots)
Stlth    ..........             (no amulet)
HPRegen  0.12/turn              (no ring)
MPRegen  0.10/turn              (no ring)

@: corroded
A: negative energy resistance 1, electricity resistance, unbreathing,
petrification resistance, rot immunity, AC +4
a: no special abilities


You were in the Dungeon.
You were not hungry.

You visited 1 branch You collected 162 gold pieces.

Inventory:

Hand Weapons
 a - a +0 flail (weapon)
Armour
 c - a +0 shield (worn)
 l - a +2 scale mail of magic resistance (worn)
Scrolls
 k - a scroll of blinking
Potions
 e - a potion of curing
 g - a potion of heal wounds
 h - a potion of haste
 i - 2 potions of magic
Comestibles
 f - a ration


   Skills:
 - Level 3.2 Fighting
 * Level 12.2 Maces & Flails
 * Level 3.2 Armour
 + Level 3.2 Shields
 + Level 0.0 Spellcasting


You had 5 spell levels left.
You didn't know any spells.
Your spell library was empty.

Dungeon Overview and Level Annotations

Branches:
Dungeon (1/1)

Altars:
Sif Muna
Vehumet
Wu Jian


Innate Abilities, Weirdness & Mutations

You are resistant to torment.
Your stone body is resilient. (AC +4)
You are immune to poison.
You resist negative energy. (rN+)
You are resistant to electric shocks. (rElec)
You can survive without breathing.
You are immune to petrification.
You are immune to rotting.


Message History

You recover from your berserk rage.
You block the jelly's attack.
You sock the jelly! The acid corrodes you!
Your hands burn!
The jelly is heavily wounded.
You hit the jelly but do no damage.
Your hands burn!
The jelly is heavily wounded.
The jelly hits you.
You are splashed with acid!
You are too injured to fight recklessly!
You are too injured to fight recklessly!
You are too injured to fight recklessly!
You hit the jelly. The acid corrodes you!
Your hands burn!
The jelly is severely wounded.
The jelly hits you but does no damage.
You hit the jelly. The acid corrodes you!
Your hands burn!
* * * LOW HITPOINT WARNING * * *
The jelly is severely wounded.
The jelly hits you.
* * * LOW HITPOINT WARNING * * *
The acid corrodes you!
You are splashed with acid.
You die...

################
#<.#..)..#.)'..#
#..'[.#..'..#..+
#..#####'#####'#
#..# #..# #$#
#..# #### #@#
#..# #J.+ #⌠⌠#
..._# ####
#_.#+# ##+


You could see a jelly.

Vanquished Creatures
  Sigmund (D)
  An ogre (D)
  Ijyb (D)
3 creatures vanquished.

Notes
Turn   | Place    | Note
-------+----------+-------------------------------------------
     0 | D        | Hugehornet the Gargoyle Fighter began the quest for the
                  | Orb.
     0 | D        | Reached XP level 1. HP: 14/14 MP: 1/1
     1 | D        | Noticed Ijyb
    45 | D        | Killed Ijyb
    45 | D        | Reached skill level 6 in Maces & Flails
    45 | D        | Reached XP level 2. HP: 18/19 MP: 2/2
    45 | D        | Reached XP level 3. HP: 22/23 MP: 3/3
   160 | D        | Noticed an ogre
   168 | D        | Killed an ogre
   168 | D        | Reached skill level 9 in Maces & Flails
   168 | D        | Reached XP level 4. HP: 7/28 MP: 4/4
   409 | D        | Noticed Sigmund
   426 | D        | Killed Sigmund
   426 | D        | Reached skill level 12 in Maces & Flails
   426 | D        | Reached XP level 5. HP: 32/32 MP: 5/5
   426 | D        | Reached XP level 6. HP: 37/37 MP: 6/6
   471 | D        | Found an ornate altar of the Wu Jian Council.
   471 | D        | Found a shimmering blue altar of Sif Muna.
   473 | D        | Found a radiant altar of Vehumet.
   480 | D        | Splashed by a jelly's acid

Levels and vault maps discovered:
D:        dungeon_sprint_1 [red_sonja_temple_1, red_sonja_temple_small_1]

Skill      XL: |  1  2  3  4 |
---------------+-------------+-----
Maces & Flails | 6 9 12 | 12.2
Fighting       | |  3.2
Armour         | |  3.2
Shields        | |  3.2

Action                   |  1- 3 |  4- 6 || total
-------------------------+-------+-------++-------
Melee: Flail             |    49 |    20 ||    69
  Use: Potion            |     1 |     1 ||     2
Armor: Scale mail        |    18 |     7 ||    25
Dodge: Dodged            |    13 |     1 ||    14
Block: Shield            |    21 |     2 ||    23
